 Dungeon Crawl Stone Soup version 0.28-a0-819-g6ef7baa362 (console) character file.

Game seed: 12777378942498311249

19 petzl the Vexing (level 2, -7/18 HPs)
             Began as an Octopode Arcane Marksman on Nov 9, 2021.
             Mangled by Terence (11 damage)
             ... on level 2 of the Dungeon.
             The game lasted 00:01:47 (1101 turns).

petzl the Vexing (Octopode Arcane Marksman)         Turns: 1101, Time: 00:01:49

Health: -7/18      AC:  1    Str:  9    XL:     2   Next: 75%
Magic:  0/3        EV: 13    Int: 15    God:
Gold:   20         SH:  0    Dex: 12    Spells: 2/3 levels left

rFire   . . .      SeeInvis .   b - +0 short sword
rCold   . . .      Faith    .   (no shield)
rNeg    . . .      Spirit   .   (helmet restricted)
rPois   .          Reflect  .   (no amulet)
rElec   .          Harm     .   (no ring)
rCorr   .          Rampage  .   (no ring)
Will    .....                   (no ring)
Stlth   +++.......              (no ring)
HPRegen 0.06/turn               (no ring)
MPRegen 0.08/turn               (no ring)
                                (no ring)
                                (no ring)

@: no status effects
A: almost no armour, amphibious, 8 rings, camouflage 1, gelatinous body 1,
(nimble swimmer 1), tentacles
a: no special abilities


You were on level 2 of the Dungeon.
You visited 1 branch of the dungeon, and saw 2 of its levels.

You collected 20 gold pieces.

Inventory:

Hand Weapons
 a - a +0 hand crossbow
 b - a +0 short sword (weapon)
Missiles
 c - 33 bolts
 g - 29 poisoned darts (quivered)
Scrolls
 e - a scroll of teleportation {unknown}
 i - a scroll of identify {unknown}
 j - a scroll of vulnerability {unknown}
Potions
 d - a potion of attraction {unknown}
 f - 2 potions of heal wounds {unknown}
 h - a potion of cancellation {unknown}


   Skills:
 + Level 1.4 Fighting
 + Level 2.2 Crossbows
 + Level 2.2 Dodging
 + Level 1.3 Stealth
 + Level 1.3 Spellcasting
 - Level 3.0 Hexes


You had 2 spell levels left.
You knew the following spells:

 Your Spells              Type           Power      Damage    Failure   Level
a - Slow                  Hex            40%        N/A       7%          1

Your spell library contained the following spells:

 Spells                   Type           Power      Damage    Failure   Level
 Inner Flame              Hex/Fire       5%         N/A       36%         3
 Portal Projectile        Hex/Tloc       10%        N/A       36%         3
 Cause Fear               Hex            5%         N/A       56%         4


Dungeon Overview and Level Annotations

Branches:
Dungeon (2/15)

Altars:

Annotations:
D:2 Terence


Innate Abilities, Weirdness & Mutations

You cannot wear most types of armour.
You are amphibious.
You can wear up to eight rings at the same time.
Your skin changes colour to match your surroundings (Stealth+).
Your rubbery body absorbs attacks. (AC +1, EV +1)
((You are camouflaged near water. (Stealth+)))
You have tentacles for arms and can constrict up to eight enemies at once.


Message History

Aim: Terence, wielding a +0 flail and wearing a +0 ring mail (chance to affect: 54%) Terence seems to slow down.
Throw: 32 darts (poison)
Press: ? - help, Q - select action, (/) - cycle Shift-Dir - straight line, f/p - Terence
Aim: Terence, wielding a +0 flail and wearing a +0 ring mail (slow, 60% to hit)
You throw a poisoned dart. The poisoned dart hits Terence.
Terence is poisoned.
Throw: 31 darts (poison)
Press: ? - help, Q - select action, (/) - cycle Shift-Dir - straight line, f/p - Terence
Aim: Terence, wielding a +0 flail and wearing a +0 ring mail (lightly wounded, poisoned, slow, 60% to hit)
You throw a poisoned dart. The poisoned dart hits Terence.
Terence is lightly wounded.
Terence is no longer moving slowly.
Terence looks more healthy.
Throw: 30 darts (poison)
Press: ? - help, Q - select action, (/) - cycle Shift-Dir - straight line, f/p - Terence
Aim: Terence, wielding a +0 flail and wearing a +0 ring mail (heavily wounded, 60% to hit)
You throw a poisoned dart. The poisoned dart hits Terence.
Terence is poisoned.
Terence is heavily wounded.
a - a +0 hand crossbow (weapon)
Terence hits you with a +0 flail!
Ouch! That really hurt!
b - a +0 short sword (weapon)
Terence looks more healthy.
Casting: Slow (safe; 7% risk of failure)
Confirm with . or Enter, or press ? or * to list all spells.
Aiming: Slow (safe; 7% risk of failure)
Press: ? - help, Shift-Dir - straight line, f/p - Terence
Aim: Terence, wielding a +0 flail and wearing a +0 ring mail (severely wounded, chance to affect: 54%) Terence resists with significant effort.
Terence hits you with a +0 flail.
* * * LOW HITPOINT WARNING * * *
Casting: Slow (safe; 7% risk of failure)
Confirm with . or Enter, or press ? or * to list all spells.
Aiming: Slow (safe; 7% risk of failure)
Press: ? - help, Shift-Dir - straight line, f/p - Terence
Aim: Terence, wielding a +0 flail and wearing a +0 ring mail (severely wounded, chance to affect: 54%) Terence resists with significant effort.
Terence hits you with a +0 flail!
Ouch! That really hurt!
You die...

#.# #(# #.# #)#####
#†########.#...#
#............#<#
#..#########...#
######..### ##.##
..........# #.#
#.######.#.# #.# #. #.#.#
######.# #.# #. ##.#.#
#...##.# #.#
##.#####....###..((..# #.#
##..........)..#...#### #.#
#.....###...##.##.## #.#
#.###.# ##..##.##.# #.#
##.# #.## #..##.##.# #.#
#.)###..###..##.##(#
#<######......(.##..##.##.#
#....†...........#..##.##.#
########.........#.@@.....#
#.).....#..#.##.####
###.##....###.#.#
#.#####.[#.##.#
#.#####....##.#
#.............#
########...#### #..........
#.#.####### #.#.. ..####
.... ####


You could see Terence.

Vanquished Creatures
  4 endoplasms
  A giant cockroach (D:1)
  A goblin (D:2)
  2 hobgoblins
  4 jackals (D:2)
  A kobold (D:1)
  A bat (D:1)
  A rat (D:2)
15 creatures vanquished.

Notes
Turn   | Place    | Note
-------+----------+-------------------------------------------
     0 | D:1      | petzl the Octopode Arcane Marksman began the quest for the
                  | Orb.
     0 | D:1      | Reached XP level 1. HP: 13/13 MP: 2/2
   318 | D:1      | Reached XP level 2. HP: 18/18 MP: 3/3
   755 | D:2      | Reached skill level 1 in Stealth
  1026 | D:2      | Noticed Terence
  1101 | D:2      | Mangled by Terence

Illustrated notes

Levels and vault maps discovered:
D:1:      dpeg_arrival_rhombus, layout_loops_ring
D:2:      layout_loops_ring, chequers_ecumenical_altar_simple_redux,
          guppyfry_early_orc_mine, uniq_terence, uniq_sigmund

Skill      XL: |  1  2 |
---------------+-------+-----
Stealth        | 1 |  1.3
Fighting       | |  1.4
Crossbows      | |  2.2
Dodging        | |  2.2
Spellcasting   | |  1.3
Hexes          | |  3.0

Action                   || total
-------------------------++-------
Melee: Short sword       ||    24
       Constrict         ||     5
       Tentacles         ||     2
 Fire: Hand crossbow     ||    12
Throw: Dart              ||     5
 Cast: Slow              ||     5
 Stab: Sleeping          ||     2
Armor: Skin              ||     2
Dodge: Dodged            ||    19

Table legend: (Time is in decaauts)
 A = Elapsed time spent in this place.
 B = Non-inter-level travel time spent in this place.
 C = Inter-level travel time spent in this place.
 D = Time resting spent in this place.
 E = Time spent auto-exploring this place.
 F = Levels seen in this place.
 G = Mean time per level.
                   A        B        C        D        E       F      G
               +--------+--------+--------+--------+--------+-----+--------+
         Total |   1107 |    948 |    159 |    185 |    601 |   2 |  553.5 |
       Dungeon |   1107 |    948 |    159 |    185 |    601 |   2 |  553.5 |
               +--------+--------+--------+--------+--------+-----+--------+

Top non-repeatable levels by time:
     D:1: 767 daAuts
     D:2: 339 daAuts
